 Dungeon Crawl Stone Soup version 0.22.1-5-g62c59d9 (webtiles) character file.

81 tognito the Chopper (level 4, -1/39 HPs)
             Began as a Minotaur Berserker on Jan 9, 2019.
             Was a Believer of Trog.
             Slain by an ice beast (10 damage)
             ... on level 3 of the Dungeon.
             The game lasted 00:03:13 (1736 turns).

tognito the Chopper (Minotaur Berserker)            Turns: 1736, Time: 00:03:14

Health: -1/39      AC:  2    Str: 23    XL:     4   Next: 20%
Magic:  3/3        EV: 12    Int: 10    God:    Trog [**....]
Gold:   77         SH:  0    Dex:  9    Spells: 3/3 levels left

rFire    . . .     SeeInvis .   a - +0 hand axe
rCold    . . .     Gourm    .   (no shield)
rNeg     . . .     Faith    .   b - +0 animal skin
rPois    .         Spirit   .   (helmet restricted)
rElec    .         Reflect  .   (no cloak)
rCorr    .         Harm     .   (no gloves)
MR       .....                  (no boots)
Stlth    +.........             (no amulet)
HPRegen  0.13/turn              h - +6 ring of intelligence
MPRegen  0.08/turn              (no ring)

@: no status effects
A: retaliatory headbutt, horns 2
a: Berserk, Trog's Hand, Renounce Religion


You were on level 3 of the Dungeon.
You worshipped Trog.
Trog was pleased with you.
You were not hungry.

You visited 1 branch of the dungeon, and saw 3 of its levels.

You collected 77 gold pieces.

Inventory:

Hand Weapons
 a - a +0 hand axe (weapon)
Missiles
 f - 43 bolts
Armour
 b - a +0 animal skin (worn)
Jewellery
 h - a +6 ring of intelligence (left hand)
Scrolls
 e - a scroll of fear {unknown}
 i - a scroll of noise {unknown}
 j - a scroll of teleportation {unknown}
 k - a scroll of magic mapping {unknown}
 l - a scroll of identify {unknown}
Potions
 g - 3 potions of curing
Comestibles
 c - 4 rations
 d - 2 chunks of flesh


   Skills:
 - Level 3.6 Fighting
 + Level 6.1 Axes
 - Level 2.4 Armour
 - Level 2.1 Dodging


You had 3 spell levels left.
You didn't know any spells.
Your spell library was empty.

Dungeon Overview and Level Annotations

Branches:
Dungeon (3/15)

Altars:
Cheibriados
Elyvilon


Innate Abilities, Weirdness & Mutations

You reflexively headbutt those who attack you in melee.
You have a pair of horns on your head.


Message History

The giant cockroach closely misses you. The giant cockroach barely misses you.
You hit the giant cockroach.
You kill the giant cockroach!
Trog accepts your kill. The ice beast hits you. The ice beast freezes you!
You hit the ice beast.
The ice beast is lightly wounded.
The ice beast hits you but does no damage.
You completely miss the ice beast.
The ice beast is lightly wounded.
The ice beast completely misses you.
You hit the ice beast.
The ice beast is lightly wounded.
The ice beast hits you. The ice beast freezes you!
You hit the ice beast but do no damage.
The ice beast is lightly wounded.
The ice beast hits you.
* * * LOW HITPOINT WARNING * * *
The ice beast freezes you!
You die...

## .Y .# .# .#
.####.#
##########......#
........@Y#
#######.........#
#.#######.# ....
###.# #.# #.# #.#


You could see an ice beast.

Vanquished Creatures
  3 adders (D:2)
  An ooze (D:2)
  2 dart slugs
  2 leopard geckos (D:1)
  A ball python (D:1)
  6 giant cockroaches
  5 goblins
  8 hobgoblins
  4 kobolds
  A quokka (D:2)
  4 bats
  5 rats
42 creatures vanquished.

Notes
Turn   | Place    | Note
-------+----------+-------------------------------------------
     0 | D:1      | tognito the Minotaur Berserker began the quest for the Orb.
     0 | D:1      | Reached XP level 1. HP: 19/19 MP: 0/0
    30 | D:1      | Reached skill level 4 in Axes
   163 | D:1      | Reached XP level 2. HP: 26/26 MP: 1/1
   602 | D:1      | Reached ** piety under Trog
   602 | D:1      | Reached skill level 5 in Axes
   729 | D:1      | Reached XP level 3. HP: 31/31 MP: 2/2
   966 | D:1      | Found a snail-covered altar of Cheibriados.
  1436 | D:2      | Found a white marble altar of Elyvilon.
  1513 | D:2      | Reached skill level 6 in Axes
  1513 | D:2      | Reached XP level 4. HP: 28/39 MP: 3/3
  1725 | D:3      | Noticed an ice beast
  1736 | D:3      | Slain by an ice beast

Skill      XL: |  1  2  3 |
---------------+----------+-----
Axes           | 4 5 6 |  6.1
Fighting       | |  3.6
Armour         | |  2.4
Dodging        | |  2.1

Action                   |  1- 3 |  4- 6 || total
-------------------------+-------+-------++-------
Melee: Hand axe          |    81 |    15 ||    96
       Headbutt          |    15 |     4 ||    19
  Use: Potion            |     4 |       ||     4
 Stab: Sleeping          |     1 |       ||     1
  Eat: Chunk             |     2 |     1 ||     3
Armor: Animal skin       |    12 |     6 ||    18
Dodge: Dodged            |    47 |     9 ||    56
